 Dungeon Crawl Stone Soup version 0.25.1-2-g60ff931df9 (webtiles) character file.

Game seed: 2315884524548333816

4496 Martska the Protected (level 10, -2/91 HPs)
             Began as a Minotaur Fighter on Oct 11, 2020.
             Was a Believer of the Shining One.
             Slain by an orc warrior
             ... wielding a +0 trident
              (13 damage)
             ... on level 7 of the Dungeon.
             The game lasted 00:09:58 (7145 turns).

Martska the Protected (Minotaur Fighter)            Turns: 7145, Time: 00:09:59

Health: -2/91      AC:  7    Str: 28    XL:     10   Next: 16%
Magic:  13/13      EV: 16    Int:  5    God:    the Shining One [**....]
Gold:   376        SH: 10    Dex: 12    Spells: 9/9 levels left

rFire    . . .     SeeInvis .   r - +0 hand axe (vorpal)
rCold    . . .     Gourm    .   c - +0 kite shield
rNeg     + . .     Faith    .   D - +0 ring mail (curse)
rPois    .         Spirit   .   (helmet restricted)
rElec    .         Reflect  .   (no cloak)
rCorr    .         Harm     .   (no gloves)
MR       .....                  (no boots)
Stlth    +.........             (no amulet)
HPRegen  0.25/turn              g - +6 ring of strength
MPRegen  0.13/turn              y - +4 ring of evasion

@: mighty, marked, mesmerised, glowing
A: retaliatory headbutt, horns 2
a: Divine Shield, Renounce Religion


You were on level 7 of the Dungeon.
You worshipped the Shining One.
The Shining One was pleased with you.
You were not hungry.

You visited 2 branches of the dungeon, and saw 10 of its levels.

You collected 376 gold pieces.

Inventory:

Hand Weapons
 a - a +0 war axe
 r - a +0 vorpal hand axe (weapon)
 u - a +1 hand axe of venom
Armour
 b - a +0 scale mail
 c - a +0 kite shield (worn)
 D - a cursed +0 ring mail (worn)
Jewellery
 g - a +6 ring of strength (left hand)
 n - an uncursed ring of attention
 q - an uncursed ring of magical power {unknown}
 y - a +4 ring of evasion (right hand)
Scrolls
 j - 3 scrolls of fog
 k - 4 scrolls of teleportation
 p - 5 scrolls of remove curse
 t - 3 scrolls of amnesia
 w - 2 scrolls of magic mapping
 A - a scroll of enchant armour {unknown}
 B - 3 scrolls of identify
Potions
 e - a potion of haste
 f - a potion of ambrosia
 h - a potion of cancellation
 i - 5 potions of curing
 l - 2 potions of brilliance {unknown}
 m - a potion of invisibility {unknown}
 o - 5 potions of heal wounds {unknown}
 v - a potion of flight {unknown}
 x - 3 potions of stabbing
 z - a potion of mutation {unknown}
 C - a potion of magic {unknown}
Comestibles
 s - 9 rations
 E - a chunk of flesh


   Skills:
 * Level 9.0 Fighting
 * Level 8.5 Axes
 * Level 9.0 Armour
 * Level 7.3 Dodging
 - Level 3.6 Shields
 * Level 5.8 Invocations


You had 9 spell levels left.
You didn't know any spells.
Your spell library was empty.

Dungeon Overview and Level Annotations

Branches:
Dungeon (9/15)             Temple (1/1) D:4
   Lair: D:8-11         Orc: D:9-12

Altars:
Ashenzari
Dithmenos
Elyvilon
Fedhas
Gozag
Hepliaklqana
Kikubaaqudgha
Makhleb
Nemelex Xobeh
Okawaru
Qazlal
Ru
Sif Muna
Trog
Uskayaw
Vehumet
Wu Jian
Xom
Yredelemnul
Zin
The Shining One

Annotations:
D:7 Harold, Maggie
D:8 Joseph


Innate Abilities, Weirdness & Mutations

You reflexively headbutt those who attack you in melee.
You have a pair of horns on your head.


Message History

Harold hits you with a +0 battleaxe. You block the orc's attack. x2
You slash Harold! You headbutt Harold!
Harold is severely wounded.
You hit the orc.
You kill the orc!
You slash the orc!
You kill the orc!
The orc warrior hits you from afar with a +0 trident!
* * * LOW HITPOINT WARNING * * *
You hit Harold. Your headbutt misses Harold.
Harold is severely wounded.
You block Harold's attack.
The orc warrior hits you from afar with a +0 trident!
* * * LOW HITPOINT WARNING * * *
Maggie gestures wildly while chanting.
Maggie attempts to bespell you!
You are mesmerised by Maggie!
You feel better.
The orc warrior hits you from afar with a +0 trident!
You die...

#.... #.. #....###
######...#
#......###........#
#....#...#........#.
#.....##............
#####.###........#.# #.#
##..#5#....# #.#
##(......## ###.#
#.@@...$.# ###
#...####.)))...... ..#
#<#........o@.../. ..#
#........###...... ..#
######..............
..###..........###.##.##
......#..#......# # ...
....###.....#...# .#
..#.#..).##.....#


You could see Harold, Maggie (mesmerising), an orc warrior and a quasit.

Vanquished Creatures
  Prince Ribbit (D:6)
  A hippogriff (D:9)
  Sigmund (D:5)
  10 yaks (D:9)
  A black bear (D:8)
  An ice beast (D:9)
  2 sky beasts
  2 orc warriors
  A phantom (D:9)
  2 ogres
  3 centaurs
  A big kobold (D:9)
  3 bullfrogs
  A wyvern zombie (D:9)
  A water moccasin zombie (D:7)
  A scorpion (D:9)
  6 killer bees (D:8)
  A howler monkey (D:5)
  A centaur zombie (D:9)
  A quasit (D:9)
  3 hounds
  3 orc wizards
  2 bullfrog skeletons
  2 orc priests
  A jelly (D:6)
  A gnoll shaman (D:5)
  An iguana (D:4)
  5 worker ants
  A howler monkey skeleton (D:4)
  5 adders
  4 gnolls
  A shadow imp (D:5)
  2 adder skeletons (D:4)
  2 worms
  2 dart slugs
  3 leopard geckos
  18 orcs
  A ball python (D:4)
  6 bats
  2 giant cockroaches
  8 goblins
  4 hobgoblins
  9 jackals
  4 quokkas
  2 frilled lizards
  13 kobolds
  13 rats
159 creatures vanquished.

Notes
Turn   | Place    | Note
-------+----------+-------------------------------------------
     0 | D:1      | Martska the Minotaur Fighter began the quest for the Orb.
     0 | D:1      | Reached XP level 1. HP: 19/19 MP: 0/0
   379 | D:1      | Reached XP level 2. HP: 27/27 MP: 1/1
   488 | D:1      | Reached skill level 1 in Dodging
   807 | D:1      | Reached XP level 3. HP: 33/33 MP: 2/2
  1472 | D:2      | Found a white marble altar of Elyvilon.
  2015 | D:3      | Reached XP level 4. HP: 40/40 MP: 3/3
  2156 | D:3      | Found an opulent altar of Gozag.
  2313 | D:3      | Reached XP level 5. HP: 34/47 MP: 4/4
  2692 | D:3      | Found an ancient bone altar of Kikubaaqudgha.
  3352 | D:4      | Noticed an ogre
  3358 | D:4      | Killed an ogre
  3358 | D:4      | Reached skill level 5 in Fighting
  3358 | D:4      | Reached skill level 5 in Armour
  3358 | D:4      | Reached XP level 6. HP: 43/56 MP: 5/5
  3473 | D:4      | Found a staircase to the Ecumenical Temple.
  3513 | D:4      | Found a blossoming altar of Fedhas.
  3515 | D:4      | Found a stormy altar of Qazlal.
  3519 | D:4      | Found an opulent altar of Gozag.
  3554 | Temple   | Entered the Ecumenical Temple
  3759 | Temple   | Became a worshipper of the Shining One
  4424 | D:5      | Entered Level 5 of the Dungeon
  4450 | D:5      | Noticed Sigmund
  4456 | D:5      | Killed Sigmund
  4456 | D:5      | Reached skill level 1 in Invocations
  4456 | D:5      | Reached XP level 7. HP: 61/61 MP: 5/7
  4534 | D:5      | Reached skill level 5 in Axes
  5391 | D:6      | Found a burning altar of Makhleb.
  5497 | D:6      | Found a glowing silver altar of Zin.
  5497 | D:6      | Noticed an angel
  5566 | D:6      | Noticed Prince Ribbit
  5576 | D:6      | Killed Prince Ribbit
  5576 | D:6      | Reached XP level 8. HP: 71/71 MP: 7/9
  5594 | D:6      | You fall into a shaft and drop 2 floors!
  5594 | D:8      | Noticed Joseph
  5599 | D:8      | Reached * piety under the Shining One
  5810 | D:9      | Noticed a hippogriff
  5821 | D:9      | Killed a hippogriff
  5821 | D:9      | Reached skill level 5 in Dodging
  6044 | D:9      | Reached XP level 9. HP: 15/79 MP: 9/11
  6547 | D:9      | Reached skill level 5 in Invocations
  6918 | D:8      | Reached XP level 10. HP: 63/90 MP: 13/13
  7123 | D:7      | Noticed Harold
  7134 | D:7      | Reached ** piety under the Shining One
  7140 | D:7      | Noticed Maggie
  7145 | D:7      | Slain by an orc warrior

Illustrated notes

Levels and vault maps discovered:
D:1:      ncdulo_watergridlock, layout_basic,
          hangedman_abyss_or_decor_lesser_grid, eino_curves_03,
          item_on_display_a
D:2:      layout_loops_ring, nicolae_overflow_crystal_walls
D:3:      minmay_skewed_foursquare, layout_loops_corners, old_standard_altar,
          grunt_gozag_breadcrumbs
D:4:      layout_basic, grunt_temple_overflow_open, minmay_temple_entry_glass,
          minmay_puff
D:5:      layout_basic, first_ration, uniq_sigmund
D:6:      layout_basic, zin_angel, kennysheep_mini, old_standard_altar,
          uniq_prince_ribbit1
D:7:      layout_rooms, uniq_harold, uniq_maggie
D:8:      layout_loops_ring, grunt_livestock, uniq_maurice, uniq_joseph
D:9:      layout_basic, erik_orc_1, nicolae_lava_and_water
Temple:   minmay_temple_curvy_branch

Skill      XL: |  1  2  3  4  5  6  7  8  9 10 |
---------------+-------------------------------+-----
Fighting       | 4 5 6 7 8 9 |  9.0
Armour         | 4 5 6 7 8 9 |  9.0
Dodging        | 1 2 3 4 5 7 |  7.3
Axes           | 3 4 5 6 8 |  8.5
Invocations    | 1 2 4 5 |  5.8
Shields        | |  3.6

Action                   |  1- 3 |  4- 6 |  7- 9 | 10-12 || total
-------------------------+-------+-------+-------+-------++-------
Melee: War axe           |    89 |    44 |       |       ||   133
       Headbutt          |    15 |    19 |    46 |    13 ||    93
       Hand axe          |       |    45 |   174 |    54 ||   273
  Use: Scroll            |       |    12 |     1 |       ||    13
       Potion            |       |       |     2 |     2 ||     4
  Eat: Ration            |     1 |       |     1 |       ||     2
       Chunk             |       |     8 |     4 |     1 ||    13
Armor: Scale mail        |    49 |    14 |    22 |       ||    85
       Ring mail         |       |       |     7 |     7 ||    14
Dodge: Dodged            |    24 |    22 |   110 |    34 ||   190
Block: Kite shield       |    34 |    46 |    95 |    32 ||   207
